Workbook

Sheet MEDIÇÃO 13
A1: PREFEITURA MUNICIPAL DE SÃO ROQUE DO CANAÃ Estado do Espírito Santo SECRETARIA MUNICIPAL DE OBRAS E SERVIÇOS URBANOS – SETOR DE ENGENHARIA
A2: BOLETIM DE | E2: =M8 -> MEDIÇÃO 13 | O2: 45785
A4: OBRA: Construção de uma barragem de concreto com contrafortes e a limpeza e escavação de seu reservatório, na localidade de São Dalmácio, Município de São Roque do Canaã | D4: CONTRATO Nº: | F4: 106/2022 | L4: Assinatura: 22/11/2022 | O4: INÍCIO: | Q4: 44930
O5: TÉRMINO: | Q5: 46031
A6: LOCAL: COMUNIDADE DE SÃO DALMÁCIO | D6: PERÍODO: | J6: 45748 | L6: a | M6: 45777 | O6: PRAZO: | Q6: 240 DIAS + 284 DIAS (PARALIS.) + 205 DIAS + 270 DIAS + 103 DIAS (PARALIS.)
A7: EMPRESA: EDURBAN EDIFICAÇÕES E URBANISMO LTDA | J7: =M8 -> MEDIÇÃO 13 | M7: =P110 -> 198612.35 | O7: % MÊS: | P7: =L110 -> 0.024217712 | Q7: % ACUM: | R7: =L111 -> 0.65409117
A8: ITEM | B8: ESPECIFICAÇÃO | C8: UNID. | D8: QUANT. | E8: UNIT + BDI | F8: UNITÁRIO REAJUSTADO | G8: 1º REPLANILHAMENTO | J8: ACUMULADO ANTERIOR | M8: MEDIÇÃO 13 | P8: TOTAL MEDIDO
G9: ACRÉSC. | H9: DECRÉSC. | I9: QUANT. ATUALIZADA | J9: QUANT. | K9: TOTAL | L9: % | M9: QUANT. | N9: TOTAL | O9: % | P9: QUANT. | Q9: TOTAL | R9: %
A10: 1 | B10: SERVIÇOS PRELIMINARES
A11: 1.1 | B11: MOBILIZAÇÃO/DESMOBILIZAÇÃO
A12: 1.1.1 | B12: Mobilização de Equipamentos | C12: Vb | D12: 1 | E12: 39300.82 | F12: 39300.82 | I12: =D12+G12-H12 -> 1 | J12: 1 | K12: =J12*F12 -> 39300.82 | L12: =J12/I12 -> 1 | N12: =TRUNC((M12*F12),2) -> 0 | O12: =M12/I12 -> 0 | P12: =J12+M12 -> 1 | Q12: =K12+N12 -> 39300.82 | R12: =L12+O12 -> 1
A13: 1.1.2 | B13: Desmobilização de Equipamentos | C13: Vb | D13: 1 | E13: 39300.82 | F13: 39300.82 | I13: =D13+G13-H13 -> 1 | J13: 0 | K13: =J13*F13 -> 0 | L13: =J13/I13 -> 0 | N13: =TRUNC((M13*F13),2) -> 0 | O13: =M13/I13 -> 0 | P13: =J13+M13 -> 0 | Q13: =K13+N13 -> 0 | R13: =L13+O13 -> 0
A14: 1.2 | B14: INSTALAÇÃO DE CANTEIRO DE OBRAS
A15: 1.2.1 | B15: Aluguel mensal container para escritório, dim. 6.00x2.40m, c/ banheiro (vaso+lavat+chuveiro e básc), incl. porta, 2 janelas, abert p/ ar cond., 2 pt iluminação, 2 tom. elét. e 1 tom.telef. Isolam.térmico(teto e paredes), piso em comp. Naval, cert. NR18, incl. laudo descontaminação. (Administração e Engenharia) | C15: mês | D15: 16 | E15: 1022.97 | F15: 1022.97 | G15: 24 | I15: =D15+G15-H15 -> 40 | J15: 16 | K15: =J15*F15 -> 16367.52 | L15: =J15/I15 -> 0.4 | M15: 2 | N15: =TRUNC((M15*F15),2) -> 2045.94 | O15: =M15/I15 -> 0.05 | P15: =J15+M15 -> 18 | Q15: =K15+N15 -> 18413.46 | R15: =L15+O15 -> 0.45
A16: 1.2.2 | B16: Aluguel mensal container para escritório, sem banheiro, dim. 6.00x2.40m, incl. porta, 2 janelas, abert p/ ar cond., 2 pt iluminação, 2 tomadas elét. e 1 tomada telef. Isolamento térmico (teto e paredes), piso em comp. Naval, cert. NR18, incl. laudo descontaminação. (Sala técnica, segurança do trabalho) | C16: mês | D16: 16 | E16: 934.19 | F16: 934.19 | G16: 24 | I16: =D16+G16-H16 -> 40 | J16: 16 | K16: =J16*F16 -> 14947.04 | L16: =J16/I16 -> 0.4 | M16: 2 | N16: =TRUNC((M16*F16),2) -> 1868.38 | O16: =M16/I16 -> 0.05 | P16: =J16+M16 -> 18 | Q16: =K16+N16 -> 16815.42 | R16: =L16+O16 -> 0.45
A17: 1.2.3 | B17: Aluguel mensal container para almoxarifado, incl. porta, 2 janelas, 1 pt iluminação, Isolamento térmico (teto), piso em comp. Naval pintado, cert. NR18, incl. laudo descontaminação. | C17: mês | D17: 8 | E17: 687.32 | F17: 687.32 | G17: 12 | I17: =D17+G17-H17 -> 20 | J17: 8 | K17: =J17*F17 -> 5498.56 | L17: =J17/I17 -> 0.4 | M17: 1 | N17: =TRUNC((M17*F17),2) -> 687.32 | O17: =M17/I17 -> 0.05 | P17: =J17+M17 -> 9 | Q17: =K17+N17 -> 6185.88 | R17: =L17+O17 -> 0.45
A18: 1.2.4 | B18: Refeitório c/ paredes chapa de comp. 12mm e pont. 8x8cm, piso ciment. e cob. Telhas fibroc. 6mm, incl. ponto de luz e cx. de insp. (1,21m²/func/turno) - (Cozinha/Refeitório) | C18: M2 | D18: 42.35 | E18: 512.98 | F18: 512.98 | I18: =D18+G18-H18 -> 42.35 | J18: 42.35 | K18: =J18*F18 -> 21724.703 | L18: =J18/I18 -> 1 | N18: =TRUNC((M18*F18),2) -> 0 | O18: =M18/I18 -> 0 | P18: =J18+M18 -> 42.35 | Q18: =K18+N18 -> 21724.703 | R18: =L18+O18 -> 1
A19: 1.2.5 | B19: Unidade de sanitário e vestiário p/ até 20 func. área de 18.15m2, paredes de chapa compens. 12mm e pontalete 8x8cm, piso cimentado, cobert. telha fibroc. 6mm, incl. instalação de luz e cx. de inspeção, conf. projeto (1 utilização) | C19: und | D19: 2 | E19: 17091.27 | F19: 17091.27 | I19: =D19+G19-H19 -> 2 | J19: 2 | K19: =J19*F19 -> 34182.54 | L19: =J19/I19 -> 1 | N19: =TRUNC((M19*F19),2) -> 0 | O19: =M19/I19 -> 0 | P19: =J19+M19 -> 2 | Q19: =K19+N19 -> 34182.54 | R19: =L19+O19 -> 1
A20: 1.2.7 | B20: Reservatório de poliestileno de 1000 L, incl. suporte em madeira de 7x12cm, elevado de 4m | C20: UD | D20: 3 | E20: 1242.39 | F20: 1242.39 | I20: =D20+G20-H20 -> 3 | J20: 3 | K20: =J20*F20 -> 3727.17 | L20: =J20/I20 -> 1 | N20: =TRUNC((M20*F20),2) -> 0 | O20: =M20/I20 -> 0 | P20: =J20+M20 -> 3 | Q20: =K20+N20 -> 3727.17 | R20: =L20+O20 -> 1
A21: 1.2.8 | B21: Rede de água c/ padrão de entrada d'água diâm. 3/4" conf. CESAN, incl. tubos e conexões p/ aliment., distrib., extravas. e limp., cons. o padrão a 25m | C21: m | D21: 50 | E21: 54.93 | F21: 54.93 | I21: =D21+G21-H21 -> 50 | J21: 50 | K21: =J21*F21 -> 2746.5 | L21: =J21/I21 -> 1 | N21: =TRUNC((M21*F21),2) -> 0 | O21: =M21/I21 -> 0 | P21: =J21+M21 -> 50 | Q21: =K21+N21 -> 2746.5 | R21: =L21+O21 -> 1
A22: 1.2.9 | B22: Placa de obra nas dimensões de 2,0 x 4,0 m, padrão IOPES-ES | C22: M2 | D22: 8 | E22: 372.15 | F22: 372.15 | I22: =D22+G22-H22 -> 8 | J22: 8 | K22: =J22*F22 -> 2977.2 | L22: =J22/I22 -> 1 | N22: =TRUNC((M22*F22),2) -> 0 | O22: =M22/I22 -> 0 | P22: =J22+M22 -> 8 | Q22: =K22+N22 -> 2977.2 | R22: =L22+O22 -> 1
A23: 1.2.10 | B23: Rede de esgoto, contendo fossa e filtro, incl. tubos e conexões de ligação entre caixas, considerando distância de 25m.. | C23: m | D23: 20 | E23: 441.42 | F23: 441.42 | I23: =D23+G23-H23 -> 20 | J23: 20 | K23: =J23*F23 -> 8828.4 | L23: =J23/I23 -> 1 | N23: =TRUNC((M23*F23),2) -> 0 | O23: =M23/I23 -> 0 | P23: =J23+M23 -> 20 | Q23: =K23+N23 -> 8828.4 | R23: =L23+O23 -> 1
A24: 1.2.11 | B24: Rede de luz, incl. padrão entr. energia trifás. cabo ligação até barracões, quadro distrib., disj. E chave de força, cons. 20m entre padrão entr.e QDG - Instalações Elétricas do canteiro total. | C24: m | D24: 50 | E24: 793.13 | F24: 793.13 | I24: =D24+G24-H24 -> 50 | J24: 50 | K24: =J24*F24 -> 39656.5 | L24: =J24/I24 -> 1 | N24: =TRUNC((M24*F24),2) -> 0 | O24: =M24/I24 -> 0 | P24: =J24+M24 -> 50 | Q24: =K24+N24 -> 39656.5 | R24: =L24+O24 -> 1
A25: 1.2.12 | B25: Cerca de arame farpado 4 fios com mourões a cada 2,0 m, esticadores de madeira, a cada 20,0 m, inclusive transporte de mourão e arame farpado) | C25: m | D25: 400 | E25: 22.73 | F25: 22.73 | I25: =D25+G25-H25 -> 400 | J25: 400 | K25: =J25*F25 -> 9092 | L25: =J25/I25 -> 1 | N25: =TRUNC((M25*F25),2) -> 0 | O25: =M25/I25 -> 0 | P25: =J25+M25 -> 400 | Q25: =K25+N25 -> 9092 | R25: =L25+O25 -> 1
A26: 1.3 | B26: DEMOLIZAÇÃO DO CANTEIRO DE OBRAS
A27: 1.3.1 | B27: Demolição de edificações | C27: M2 | D27: 78.65 | E27: 56.35 | F27: 59.05 | I27: =D27+G27-H27 -> 78.65 | J27: 78.649958 | K27: =J27*F27 -> 4644.28 | L27: =J27/I27 -> 0.99999946 | N27: =TRUNC((M27*F27),2) -> 0 | O27: =M27/I27 -> 0 | P27: =J27+M27 -> 78.649958 | Q27: =K27+N27 -> 4644.28 | R27: =L27+O27 -> 0.99999946
A28: 1.3.2 | B28: Demolição de cerca de madeira com 4 fios | C28: M | D28: 400 | E28: 3.29 | F28: 3.8 | I28: =D28+G28-H28 -> 400 | J28: 400 | K28: =J28*F28 -> 1520 | L28: =J28/I28 -> 1 | N28: =TRUNC((M28*F28),2) -> 0 | O28: =M28/I28 -> 0 | P28: =J28+M28 -> 400 | Q28: =K28+N28 -> 1520 | R28: =L28+O28 -> 1
A29: 2 | B29: SUPRESSÃO VEGETAL
A30: 2.1 | B30: LIMPEZA DA ÁREA DO BARRAMENTO
A31: 2.1.1 | B31: Limpeza, desmatamento e destocamento de árvores com diâmetro até 15 cm, com trator de esteira | C31: M2 | D31: 5456 | E31: 0.6 | F31: 0.7 | I31: =D31+G31-H31 -> 5456 | J31: 5456 | K31: =J31*F31 -> 3819.2 | L31: =J31/I31 -> 1 | N31: =TRUNC((M31*F31),2) -> 0 | O31: =M31/I31 -> 0 | P31: =J31+M31 -> 5456 | Q31: =K31+N31 -> 3819.2 | R31: =L31+O31 -> 1
A32: 2.2 | B32: ESCAVAÇÃO DA ÁREA INUNDAÇÃO
A33: 2.2.1 | B33: Limpeza, desmatamento e destocamento de árvores com diâmetro até 15 cm, com trator de esteira | C33: M2 | D33: 100405 | E33: 0.6 | F33: 0.7 | I33: =D33+G33-H33 -> 100405 | J33: 99618.264 | K33: =J33*F33 -> 69732.784 | L33: =J33/I33 -> 0.99216437 | N33: =TRUNC((M33*F33),2) -> 0 | O33: =M33/I33 -> 0 | P33: =J33+M33 -> 99618.264 | Q33: =K33+N33 -> 69732.784 | R33: =L33+O33 -> 0.99216437
A34: 2.2.2 | B34: Escavação e carga de material de 1ª categoria com escavadeira | C34: M3 | D34: 299393.55 | E34: 3.4 | F34: 3.99 | G34: 111034.85 | I34: =D34+G34-H34 -> 410428.4 | J34: 289457.31 | K34: =J34*F34 -> 1154934.7 | L34: =J34/I34 -> 0.70525653 | M34: 10500 | N34: =TRUNC((M34*F34),2) -> 41895 | O34: =M34/I34 -> 0.025583025 | P34: =J34+M34 -> 299957.31 | Q34: =K34+N34 -> 1196829.7 | R34: =L34+O34 -> 0.73083956
A35: 2.2.3 | B35: LOCAL COM DMT ATÉ 3,0 KM (Caminhão basculante) - 1,147XP+1,268XR+2,013 Sendo XP = 0,0 e XR = 2 (Centro bacia inundação > Bota-Fora) - Transporte de argila com peso específico de 1,4 t/m3 | C35: T | D35: 419150.97 | E35: 4.45 | F35: 5.22 | G35: 155448.79 | I35: =D35+G35-H35 -> 574599.76 | J35: 405240.23 | K35: =J35*F35 -> 2115354 | L35: =J35/I35 -> 0.70525652 | M35: 14700 | N35: =TRUNC((M35*F35),2) -> 76734 | O35: =M35/I35 -> 0.025583025 | P35: =J35+M35 -> 419940.23 | Q35: =K35+N35 -> 2192088 | R35: =L35+O35 -> 0.73083955
A36: 3 | B36: ENSECADEIRA
A37: 3.1 | B37: ENSECADEIRA 1ª ETAPA
A38: 3.1.1 | B38: Escavação e carga de material de 1ª categoria com escavadeira - CANAL DE DESVIO | C38: M3 | D38: 1710 | E38: 4.03 | F38: 4.72 | I38: =D38+G38-H38 -> 1710 | J38: 1710 | K38: =J38*F38 -> 8071.2 | L38: =J38/I38 -> 1 | N38: =TRUNC((M38*F38),2) -> 0 | O38: =M38/I38 -> 0 | P38: =J38+M38 -> 1710 | Q38: =K38+N38 -> 8071.2 | R38: =L38+O38 -> 1
A39: 3.1.2 | B39: LOCAL COM DMT ATÉ 3,0 KM (Caminhão basculante) - 1,147XP+1,268XR+2,013 Sendo XP = 0,0 e XR = 2 (Canal de Desvio > Bota-Fora) - Transporte de argila com peso específico de 1,4 t/m3 | C39: T | D39: 2394 | E39: 5.91 | F39: 6.93 | I39: =D39+G39-H39 -> 2394 | J39: 2394 | K39: =J39*F39 -> 16590.42 | L39: =J39/I39 -> 1 | N39: =TRUNC((M39*F39),2) -> 0 | O39: =M39/I39 -> 0 | P39: =J39+M39 -> 2394 | Q39: =K39+N39 -> 16590.42 | R39: =L39+O39 -> 1
A40: 3.1.3 | B40: Espalhamento / regularização / compactação de material em bota-fora (Empolamento do material [item 3.1.1] = 40%) | C40: M3 | D40: 2394 | E40: 3.17 | F40: 3.72 | I40: =D40+G40-H40 -> 2394 | J40: 2394 | K40: =J40*F40 -> 8905.68 | L40: =J40/I40 -> 1 | N40: =TRUNC((M40*F40),2) -> 0 | O40: =M40/I40 -> 0 | P40: =J40+M40 -> 2394 | Q40: =K40+N40 -> 8905.68 | R40: =L40+O40 -> 1
A41: 3.1.4 | B41: Demolição mecânica de concreto - Barragem existente | C41: M3 | D41: 80.61 | E41: 208.25 | F41: 228.44424 | I41: =D41+G41-H41 -> 80.61 | J41: 39.999958 | K41: =J41*F41 -> 9137.76 | L41: =J41/I41 -> 0.49621583 | N41: =TRUNC((M41*F41),2) -> 0 | O41: =M41/I41 -> 0 | P41: =J41+M41 -> 39.999958 | Q41: =K41+N41 -> 9137.76 | R41: =L41+O41 -> 0.49621583
A42: 3.1.5 | B42: Carga de material de 3ª categoria | C42: M3 | D42: 120.91 | E42: 7.47 | F42: 8.7700769 | I42: =D42+G42-H42 -> 120.91 | J42: 59.999474 | K42: =J42*F42 -> 526.2 | L42: =J42/I42 -> 0.49623252 | N42: =TRUNC((M42*F42),2) -> 0 | O42: =M42/I42 -> 0 | P42: =J42+M42 -> 59.999474 | Q42: =K42+N42 -> 526.2 | R42: =L42+O42 -> 0.49623252
A43: 3.1.6 | B43: LOCAL COM DMT ATÉ 3,0 KM (Caminhão basculante) - 1,147XP+1,268XR+2,013 Sendo XP = 0,0 e XR = 1 (Barragem existente > Bota-Fora) - Transporte de concreto com peso específico de 1,6 t/m3 | C43: T | D43: 128.97 | E43: 5.91 | F43: 6.9301388 | I43: =D43+G43-H43 -> 128.97 | J43: 63.998718 | K43: =J43*F43 -> 443.52 | L43: =J43/I43 -> 0.4962295 | N43: =TRUNC((M43*F43),2) -> 0 | O43: =M43/I43 -> 0 | P43: =J43+M43 -> 63.998718 | Q43: =K43+N43 -> 443.52 | R43: =L43+O43 -> 0.4962295
A44: 3.1.7 | B44: Espalhamento / regularização / compactação de material em bota-fora (Empolamento do material [item 3.1.4] = 50%) | C44: M3 | D44: 120.91 | E44: 3.17 | F44: 3.7200397 | I44: =D44+G44-H44 -> 120.91 | J44: 59.99936 | K44: =J44*F44 -> 223.2 | L44: =J44/I44 -> 0.49623157 | N44: =TRUNC((M44*F44),2) -> 0 | O44: =M44/I44 -> 0 | P44: =J44+M44 -> 59.99936 | Q44: =K44+N44 -> 223.2 | R44: =L44+O44 -> 0.49623157
A45: 3.2 | B45: ENSECADEIRA 2ª ETAPA
A46: 3.1.1. | B46: Escavação e carga de material de 1ª categoria com escavadeira - CANAL DE DESVIO + ENSECADEIRA | C46: M3 | D46: 3750 | E46: 4.03 | F46: 4.72 | I46: =D46+G46-H46 -> 3750 | J46: 1450 | K46: =J46*F46 -> 6844 | L46: =J46/I46 -> 0.38666667 | M46: 1200 | N46: =TRUNC((M46*F46),2) -> 5664 | O46: =M46/I46 -> 0.32 | P46: =J46+M46 -> 2650 | Q46: =K46+N46 -> 12508 | R46: =L46+O46 -> 0.70666667
A47: 3.2.2 | B47: LOCAL COM DMT ATÉ 3,0 KM (Caminhão basculante) - 1,147XP+1,268XR+2,013 Sendo XP = 0,0 e XR = 0,5 (Área de inundação > Canal de desvio/Ensecadeira) - Transporte de argila com peso específico de 1,4 t/m3 | C47: T | D47: 5250 | E47: 3.44 | F47: 4.03 | I47: =D47+G47-H47 -> 5250 | J47: 2030 | K47: =J47*F47 -> 8180.9 | L47: =J47/I47 -> 0.38666667 | M47: 1680 | N47: =TRUNC((M47*F47),2) -> 6770.4 | O47: =M47/I47 -> 0.32 | P47: =J47+M47 -> 3710 | Q47: =K47+N47 -> 14951.3 | R47: =L47+O47 -> 0.70666667
A48: 3.2.4 | B48: Compactação de aterros 100% PN - CANAL DE DESVIO + ENSECADEIRA | C48: M3 | D48: 3750 | E48: 7.69 | F48: 9.03 | I48: =D48+G48-H48 -> 3750 | J48: 1450 | K48: =J48*F48 -> 13093.5 | L48: =J48/I48 -> 0.38666667 | M48: 1200 | N48: =TRUNC((M48*F48),2) -> 10836 | O48: =M48/I48 -> 0.32 | P48: =J48+M48 -> 2650 | Q48: =K48+N48 -> 23929.5 | R48: =L48+O48 -> 0.70666667
A49: 4 | B49: MACIÇO DE CONCRETO
A50: 4.1 | B50: FUNDAÇÃO DA BARRAGEM
A51: 4.1.1 | B51: Escavação e carga de material de 1ª categoria com escavadeira - Fundação da barragem | C51: M3 | D51: 452.28 | E51: 4.03 | F51: 4.7199744 | I51: =D51+G51-H51 -> 452.28 | J51: 389.99958 | K51: =J51*F51 -> 1840.788 | L51: =J51/I51 -> 0.86229676 | N51: =TRUNC((M51*F51),3) -> 0 | O51: =M51/I51 -> 0 | P51: =J51+M51 -> 389.99958 | Q51: =K51+N51 -> 1840.788 | R51: =L51+O51 -> 0.86229676
A52: 4.1.2 | B52: LOCAL COM DMT ATÉ 3,0 KM (Caminhão basculante) - 1,147XP+1,268XR+2,013 Sendo XP = 0,0 e XR = 2 (Fundação da Barragem > Bota-Fora) - Transporte de argila com peso específico de 1,4 t/m3 | C52: T | D52: 633.19 | E52: 5.91 | F52: 6.9299736 | I52: =D52+G52-H52 -> 633.19 | J52: 545.99775 | K52: =J52*F52 -> 3783.75 | L52: =J52/I52 -> 0.86229686 | N52: =TRUNC((M52*F52),2) -> 0 | O52: =M52/I52 -> 0 | P52: =J52+M52 -> 545.99775 | Q52: =K52+N52 -> 3783.75 | R52: =L52+O52 -> 0.86229686
A53: 4.1.3 | B53: Espalhamento / regularização / compactação de material em bota-fora (Empolamento do material [item 4.1.1] = 40%) | C53: M3 | D53: 633.19 | E53: 3.17 | F53: 3.7199893 | I53: =D53+G53-H53 -> 633.19 | J53: 545.99351 | K53: =J53*F53 -> 2031.09 | L53: =J53/I53 -> 0.86229017 | N53: =TRUNC((M53*F53),2) -> 0 | O53: =M53/I53 -> 0 | P53: =J53+M53 -> 545.99351 | Q53: =K53+N53 -> 2031.09 | R53: =L53+O53 -> 0.86229017
A54: 4.1.4 | B54: Escavação e carga de material de 3ª categoria (fogo controlado) | C54: M3 | D54: 305.4 | E54: 111.62 | F54: 131.03998 | I54: =D54+G54-H54 -> 305.4 | J54: 199.99988 | K54: =J54*F54 -> 26207.98 | L54: =J54/I54 -> 0.65487845 | N54: =TRUNC((M54*F54),2) -> 0 | O54: =M54/I54 -> 0 | P54: =J54+M54 -> 199.99988 | Q54: =K54+N54 -> 26207.98 | R54: =L54+O54 -> 0.65487845
A55: 4.1.5 | B55: LOCAL COM DMT ATÉ 3,0 KM (Caminhão basculante) - 1,147XP+1,268XR+2,013, Sendo XP = 0,0 e XR = 2 (Rocha > Bota-fora) - Transporte de argila o com peso específico de 1,6t/m3 | C55: T | D55: 488.64 | E55: 5.91 | F55: 6.9299894 | I55: =D55+G55-H55 -> 488.64 | J55: 319.99991 | K55: =J55*F55 -> 2217.596 | L55: =J55/I55 -> 0.65487867 | N55: =TRUNC((M55*F55),3) -> 0 | O55: =M55/I55 -> 0 | P55: =J55+M55 -> 319.99991 | Q55: =K55+N55 -> 2217.596 | R55: =L55+O55 -> 0.65487867
A56: 4.1.6 | B56: Espalhamento / regularização / compactação de material em bota-fora (Empolamento do material [item 4.1.2 e 4.1.6] = 50%) | C56: M3 | D56: 458.1 | E56: 3.17 | F56: 3.72 | I56: =D56+G56-H56 -> 458.1 | J56: 300 | K56: =J56*F56 -> 1116 | L56: =J56/I56 -> 0.65487885 | N56: =TRUNC((M56*F56),2) -> 0 | O56: =M56/I56 -> 0 | P56: =J56+M56 -> 300 | Q56: =K56+N56 -> 1116 | R56: =L56+O56 -> 0.65487885
A57: 4.1.7 | B57: Esgotamento de escavações para rebaixamento do nível dágua nos serviços de bueiros,galerias e outros, com conj. moto bomba | C57: mês | D57: 2 | E57: 7821.79 | F57: 9182.77 | I57: =D57+G57-H57 -> 2 | J57: 1 | K57: =J57*F57 -> 9182.77 | L57: =J57/I57 -> 0.5 | N57: =TRUNC((M57*F57),2) -> 0 | O57: =M57/I57 -> 0 | P57: =J57+M57 -> 1 | Q57: =K57+N57 -> 9182.77 | R57: =L57+O57 -> 0.5
A58: 4.2 | B58: TRATAMENTO DA FUNDAÇÃO
A59: 4.2.1 | B59: Preparo da fundação com jateamento de água e ar, inclusive apicoamento e "bate-choco" | C59: M2 | D59: 322.3 | E59: 86.65 | F59: 101.71998 | I59: =D59+G59-H59 -> 322.3 | J59: 164.99974 | K59: =J59*F59 -> 16783.77 | L59: =J59/I59 -> 0.51194457 | M59: 40 | N59: =TRUNC((M59*F59),2) -> 4068.79 | O59: =M59/I59 -> 0.12410797 | P59: =J59+M59 -> 204.99974 | Q59: =K59+N59 -> 20852.56 | R59: =L59+O59 -> 0.63605254
A60: 4.2.2 | B60: Perfuração de rocha para fixação de chumbadores | C60: M | D60: 310 | E60: 28.35 | F60: 30.67 | I60: =D60+G60-H60 -> 310 | J60: 159 | K60: =J60*F60 -> 4876.53 | L60: =J60/I60 -> 0.51290323 | M60: 38 | N60: =TRUNC((M60*F60),2) -> 1165.46 | O60: =M60/I60 -> 0.12258065 | P60: =J60+M60 -> 197 | Q60: =K60+N60 -> 6041.99 | R60: =L60+O60 -> 0.63548387
A61: 4.2.3 | B61: fornecimento e fixação de grampos diam. 40 mm com resina epoxi (prof. 100 cm em rocha). | C61: und | D61: 310 | E61: 434.9 | F61: 470.56 | I61: =D61+G61-H61 -> 310 | J61: 159 | K61: =J61*F61 -> 74819.04 | L61: =J61/I61 -> 0.51290323 | M61: 38 | N61: =TRUNC((M61*F61),2) -> 17881.28 | O61: =M61/I61 -> 0.12258065 | P61: =J61+M61 -> 197 | Q61: =K61+N61 -> 92700.32 | R61: =L61+O61 -> 0.63548387
A62: 4.3 | B62: MACIÇO DE CONCRETO
A63: 4.3.1 | B63: Andaime de madeira para altura até 7 m, compreendendo montagem e desmontagem | C63: M3 | D63: 337.49 | E63: 35.64 | F63: 38.56 | I63: =D63+G63-H63 -> 337.49 | J63: 170 | K63: =J63*F63 -> 6555.2 | L63: =J63/I63 -> 0.50371863 | N63: =TRUNC((M63*F63),2) -> 0 | O63: =M63/I63 -> 0 | P63: =J63+M63 -> 170 | Q63: =K63+N63 -> 6555.2 | R63: =L63+O63 -> 0.50371863
A64: 4.3.2 | B64: Formas planas de madeirit meso e superestrutura com 1 reaproveitamento esp. = 17 mm, inclusive fornecimento e transporte das madeiras - Paramento de montante e Jusante | C64: M2 | D64: 471.66 | E64: 107.95 | F64: 116.79 | I64: =D64+G64-H64 -> 471.66 | J64: 237 | K64: =J64*F64 -> 27679.23 | L64: =J64/I64 -> 0.5024806 | N64: =TRUNC((M64*F64),2) -> 0 | O64: =M64/I64 -> 0 | P64: =J64+M64 -> 237 | Q64: =K64+N64 -> 27679.23 | R64: =L64+O64 -> 0.5024806
A65: 4.3.3 | B65: Formas planas de madeirit meso e superestrutura com 1 reaproveitamento esp. = 17 mm, inclusive fornecimento e transporte das madeiras -Contra-Fortes | C65: M2 | D65: 267.32 | E65: 107.95 | F65: 116.79 | I65: =D65+G65-H65 -> 267.32 | J65: 134 | K65: =J65*F65 -> 15649.86 | L65: =J65/I65 -> 0.50127188 | N65: =TRUNC((M65*F65),2) -> 0 | O65: =M65/I65 -> 0 | P65: =J65+M65 -> 134 | Q65: =K65+N65 -> 15649.86 | R65: =L65+O65 -> 0.50127188
A66: 4.3.4 | B66: Formas planas de madeirit meso e superestrutura com 1 reaproveitamento esp. = 17 mm, inclusive fornecimento e transporte das madeiras - Torres | C66: M2 | D66: 256.61 | E66: 107.95 | F66: 116.79 | I66: =D66+G66-H66 -> 256.61 | J66: 129 | K66: =J66*F66 -> 15065.91 | L66: =J66/I66 -> 0.50270839 | N66: =TRUNC((M66*F66),2) -> 0 | O66: =M66/I66 -> 0 | P66: =J66+M66 -> 129 | Q66: =K66+N66 -> 15065.91 | R66: =L66+O66 -> 0.50270839
A67: 4.3.5 | B67: Formas planas de madeirit meso e superestrutura com 1 reaproveitamento esp. = 17 mm, inclusive fornecimento e transporte das madeiras- Tomada d'água | C67: M2 | D67: 46.05 | E67: 107.95 | F67: 116.78979 | I67: =D67+G67-H67 -> 46.05 | J67: 0 | K67: =J67*F67 -> 0 | L67: =J67/I67 -> 0 | M67: 20 | N67: =TRUNC((M67*F67),3) -> 2335.795 | O67: =M67/I67 -> 0.43431053 | P67: =J67+M67 -> 20 | Q67: =K67+N67 -> 2335.795 | R67: =L67+O67 -> 0.43431053
A68: 4.3.6 | B68: Aço CA-50, fornecimento, dobragem e colocação nas formas (preço médio das bitolas) | C68: KG | D68: 28534.53 | E68: 20.94 | F68: 21.479998 | I68: =D68+G68-H68 -> 28534.53 | J68: 13750 | K68: =J68*F68 -> 295349.98 | L68: =J68/I68 -> 0.48187231 | N68: =M68*F68 -> 0 | O68: =M68/I68 -> 0 | P68: =J68+M68 -> 13750 | Q68: =K68+N68 -> 295349.98 | R68: =L68+O68 -> 0.48187231
A69: 4.3.7 | B69: Fornecimento e aplicação de concreto USINADO Fck=30 MPa - considerando BOMBEAMENTO (5% de perdas já incluído no custo) (6% de taxa p/ concr. bombeavel) | C69: M3 | D69: 459.33 | E69: 622.86 | F69: 673.92998 | I69: =D69+G69-H69 -> 459.33 | J69: 215.99996 | K69: =J69*F69 -> 145568.85 | L69: =J69/I69 -> 0.47025006 | N69: =TRUNC((M69*F69),2) -> 0 | O69: =M69/I69 -> 0 | P69: =J69+M69 -> 215.99996 | Q69: =K69+N69 -> 145568.85 | R69: =L69+O69 -> 0.47025006
A70: 4.4 | B70: MACIÇO DE TERRA - OMBREIRA DIREITA
A71: 3.1.1 | B71: Escavação e carga de material de 1ª categoria com escavadeira - OMBREIRA DIREITA | C71: M3 | D71: 1928.55 | E71: 4.03 | F71: 4.7199969 | I71: =D71+G71-H71 -> 1928.55 | J71: 799.99841 | K71: =J71*F71 -> 3775.99 | L71: =J71/I71 -> 0.4148186 | N71: =TRUNC((M71*F71),2) -> 0 | O71: =M71/I71 -> 0 | P71: =J71+M71 -> 799.99841 | Q71: =K71+N71 -> 3775.99 | R71: =L71+O71 -> 0.4148186
A72: 3.2.2 | B72: LOCAL COM DMT ATÉ 3,0 KM (Caminhão basculante) - 1,147XP+1,268XR+2,013 Sendo XP = 0,0 e XR = 0,5 (Área de inundação > Ombreira Direita) - Transporte de argila com peso específico de 1,4 t/m3 | C72: T | D72: 2699.97 | E72: 3.44 | F72: 4.0299966 | I72: =D72+G72-H72 -> 2699.97 | J72: 1119.9985 | K72: =J72*F72 -> 4513.59 | L72: =J72/I72 -> 0.41481885 | N72: =TRUNC((M72*F72),2) -> 0 | O72: =M72/I72 -> 0 | P72: =J72+M72 -> 1119.9985 | Q72: =K72+N72 -> 4513.59 | R72: =L72+O72 -> 0.41481885
A73: 3.2.4 | B73: Compactação de aterros 100% PN - CANAL DE DESVIO + ENSECADEIRA | C73: M3 | D73: 1928.55 | E73: 7.69 | F73: 9.0299966 | I73: =D73+G73-H73 -> 1928.55 | J73: 0 | K73: =J73*F73 -> 0 | L73: =J73/I73 -> 0 | N73: =TRUNC((M73*F73),2) -> 0 | O73: =M73/I73 -> 0 | P73: =J73+M73 -> 0 | Q73: =K73+N73 -> 0 | R73: =L73+O73 -> 0
A74: 4.4.4 | B74: Enrocamento de pedra de mão arrumada exclusive transporte - RIPRAP | C74: M3 | D74: 155.2 | E74: 204.12 | F74: 239.62996 | I74: =D74+G74-H74 -> 155.2 | J74: 0 | K74: =J74*F74 -> 0 | L74: =J74/I74 -> 0 | N74: =TRUNC((M74*F74),3) -> 0 | O74: =M74/I74 -> 0 | P74: =J74+M74 -> 0 | Q74: =K74+N74 -> 0 | R74: =L74+O74 -> 0
A75: 4.4.5 | B75: Dreno profundo com enchimento de areia, escavação em material 1ª categoria, inclusive transporte | C75: M3 | D75: 73.2 | E75: 115.9 | F75: 136.06 | I75: =D75+G75-H75 -> 73.2 | J75: 0 | K75: =J75*F75 -> 0 | L75: =J75/I75 -> 0 | N75: =TRUNC((M75*F75),2) -> 0 | O75: =M75/I75 -> 0 | P75: =J75+M75 -> 0 | Q75: =K75+N75 -> 0 | R75: =L75+O75 -> 0
A76: 4.4.6 | B76: Grama em placas em taludes com estacas de madeira, fornecimento e plantio | C76: M2 | D76: 0 | E76: 27.38 | F76: 30.46 | I76: =D76+G76-H76 -> 0 | K76: =J76*F76 -> 0 | N76: =M76*F76 -> 0
A77: 4.4.7 | B77: Grama em placas, fornecimento e plantio (sem fixação com estacas) - CRISTA | C77: M2 | D77: 280.8 | E77: 20.05 | F77: 22.309972 | I77: =D77+G77-H77 -> 280.8 | J77: 0 | K77: =J77*F77 -> 0 | L77: =J77/I77 -> 0 | N77: =TRUNC((M77*F77),2) -> 0 | O77: =M77/I77 -> 0 | P77: =J77+M77 -> 0 | Q77: =K77+N77 -> 0 | R77: =L77+O77 -> 0
A78: 5 | B78: TOMADA D'ÁGUA
A79: 5.1 | B79: TUBOS, CONEXÕES E PEÇAS ESPECIAIS FABRICADOS EM AÇO CARBONO ESTRUTURAL, COM PREPARO DE SUPERFÍCIE POR JATEAMENTO ABRASIVO, PINTURA EM BASE EPOXÍDICA / ALQUÍDICA
A80: 5.1.1 | B80: Fornecimento de Equipamentos Hidromecânicos para Tomada D'água: Tubos RG, VB, Junta Dresser e Grade para Travamento | C80: Und | D80: 1 | E80: 587163 | F80: 587163 | I80: =D80+G80-H80 -> 1 | J80: 1 | K80: =J80*F80 -> 587163 | L80: =J80/I80 -> 1 | N80: =TRUNC((M80*F80),2) -> 0 | O80: =M80/I80 -> 0 | P80: =J80+M80 -> 1 | Q80: =K80+N80 -> 587163 | R80: =L80+O80 -> 1
A81: 5.2 | B81: MONTAGEM DE EQUIPAMENTOS HIDROMECÂNICOS
A82: 5.2.1 | B82: Montagem dos itens 5.1, 5.2 e 5.3 | C82: vb | D82: 1 | E82: 108625 | F82: 108625 | I82: =D82+G82-H82 -> 1 | J82: 0 | K82: =J82*F82 -> 0 | L82: =J82/I82 -> 0 | N82: =TRUNC((M82*F82),2) -> 0 | O82: =M82/I82 -> 0 | P82: =J82+M82 -> 0 | Q82: =K82+N82 -> 0 | R82: =L82+O82 -> 0
A83: 6 | B83: SINALIZAÇÃO
A84: 6.1 | B84: Cones para sinalização, fornecimento e colocação | C84: ud | D84: 20 | E84: 158.85 | F84: 179.97 | I84: =D84+G84-H84 -> 20 | J84: 10 | K84: =J84*F84 -> 1799.7 | L84: =J84/I84 -> 0.5 | M84: 10 | N84: =TRUNC((M84*F84),2) -> 1799.7 | O84: =M84/I84 -> 0.5 | P84: =J84+M84 -> 20 | Q84: =K84+N84 -> 3599.4 | R84: =L84+O84 -> 1
A85: 6.2 | B85: Elementos de madeira para sinalização - cavaletes | C85: ud | D85: 20 | E85: 49.18 | F85: 55.71 | I85: =D85+G85-H85 -> 20 | J85: 10 | K85: =J85*F85 -> 557.1 | L85: =J85/I85 -> 0.5 | M85: 10 | N85: =TRUNC((M85*F85),2) -> 557.1 | O85: =M85/I85 -> 0.5 | P85: =J85+M85 -> 20 | Q85: =K85+N85 -> 1114.2 | R85: =L85+O85 -> 1
A86: 6.3 | B86: Tela de proteção de segurança de PVC cor laranja com suporte para sinalização de obras | C86: m | D86: 600 | E86: 26.09 | F86: 29.55 | I86: =D86+G86-H86 -> 600 | J86: 300 | K86: =J86*F86 -> 8865 | L86: =J86/I86 -> 0.5 | M86: 300 | N86: =TRUNC((M86*F86),2) -> 8865 | O86: =M86/I86 -> 0.5 | P86: =J86+M86 -> 600 | Q86: =K86+N86 -> 17730 | R86: =L86+O86 -> 1
A87: 7 | B87: SERVIÇOS AMBIENTAIS
A88: 7.1 | B88: REFLORESTAMENTO
A89: 7.2.1 | B89: Cerca de arame liso 4 fios com mourões cada 2,0 m, esticadores de madeira, a cada 20,0 m, inclusive transporte de mourão e arame liso | C89: M | D89: 2147 | E89: 25.9 | F89: 28.82 | I89: =D89+G89-H89 -> 2147 | J89: 0 | K89: =J89*F89 -> 0 | L89: =J89/I89 -> 0 | N89: =TRUNC((M89*F89),2) -> 0 | O89: =M89/I89 -> 0 | P89: =J89+M89 -> 0 | Q89: =K89+N89 -> 0 | R89: =L89+O89 -> 0
A90: 7.2.2 | B90: Reflorestamento com espécies nativas da mata atlântica, mudas em sacolas ou tubetes | C90: und | D90: 1238.74 | E90: 45.44 | F90: 50.57 | I90: =D90+G90-H90 -> 1238.74 | J90: 0 | K90: =J90*F90 -> 0 | L90: =J90/I90 -> 0 | N90: =TRUNC((M90*F90),2) -> 0 | O90: =M90/I90 -> 0 | P90: =J90+M90 -> 0 | Q90: =K90+N90 -> 0 | R90: =L90+O90 -> 0
A91: 7.2.3 | B91: Especialista em meio ambiente, inclusive BDI | C91: mês | D91: 2 | E91: 30439.44 | F91: 31535.26 | I91: =D91+G91-H91 -> 2 | J91: 0 | K91: =J91*F91 -> 0 | L91: =J91/I91 -> 0 | N91: =TRUNC((M91*F91),2) -> 0 | O91: =M91/I91 -> 0 | P91: =J91+M91 -> 0 | Q91: =K91+N91 -> 0 | R91: =L91+O91 -> 0
A92: 7.2 | B92: RECUPERAÇÃO DE BOTA-FORA
A93: 7.2.1 | B93: Gramíneas em sementes, fornecimento e plantio a lanço | C93: M2 | D93: 47901 | E93: 4.04 | F93: 4.49 | I93: =D93+G93-H93 -> 47901 | J93: 0 | K93: =J93*F93 -> 0 | L93: =J93/I93 -> 0 | N93: =TRUNC((M93*F93),2) -> 0 | O93: =M93/I93 -> 0 | P93: =J93+M93 -> 0 | Q93: =K93+N93 -> 0 | R93: =L93+O93 -> 0
A94: 8 | B94: ACOMPANHAMENTO TÉCNICO
A95: 8.1 | B95: Topografia (levantamentos, equipamentos, deslocamentos e mão de obra - equipe de topografia) | C95: mês | D95: 3 | E95: 29803.45 | F95: 30876.37 | G95: 1 | I95: =D95+G95-H95 -> 4 | J95: 2.4999995 | K95: =J95*F95 -> 77190.91 | L95: =J95/I95 -> 0.62499988 | M95: 0.5 | N95: =TRUNC((M95*F95),2) -> 15438.18 | O95: =M95/I95 -> 0.125 | P95: =J95+M95 -> 2.9999995 | Q95: =K95+N95 -> 92629.09 | R95: =L95+O95 -> 0.74999988
A96: 8.2 | B96: Controle tecnológico de concreto e Solos (Ensaios, equipamentos e mão de obra - Equipe de Laboratório) | C96: mês | D96: 3 | E96: 17859.59 | F96: 18502.53 | G96: 1 | I96: =D96+G96-H96 -> 4 | J96: 1.9999997 | K96: =J96*F96 -> 37005.055 | L96: =J96/I96 -> 0.49999993 | N96: =TRUNC((M96*F96),2) -> 0 | O96: =M96/I96 -> 0 | P96: =J96+M96 -> 1.9999997 | Q96: =K96+N96 -> 37005.055 | R96: =L96+O96 -> 0.49999993
A97: 8.3 | B97: Engenheiro sênior - Consultoria em Concreto | C97: mês | D97: 2 | E97: 32898.61 | F97: 34082.96 | G97: 1 | I97: =D97+G97-H97 -> 3 | J97: 1.5 | K97: =J97*F97 -> 51124.44 | L97: =J97/I97 -> 0.5 | N97: =TRUNC((M97*F97),2) -> 0 | O97: =M97/I97 -> 0 | P97: =J97+M97 -> 1.5 | Q97: =K97+N97 -> 51124.44 | R97: =L97+O97 -> 0.5
A98: 8.4 | B98: Engenheiro sênior - Consultoria geológica e geotécnica | C98: mês | D98: 1 | E98: 32898.61 | F98: 34082.96 | G98: 0.5 | I98: =D98+G98-H98 -> 1.5 | J98: 0.5 | K98: =J98*F98 -> 17041.48 | L98: =J98/I98 -> 0.33333333 | N98: =TRUNC((M98*F98),2) -> 0 | O98: =M98/I98 -> 0 | P98: =J98+M98 -> 0.5 | Q98: =K98+N98 -> 17041.48 | R98: =L98+O98 -> 0.33333333
A99: 8.5 | B99: CAMPANHA DE VERIFICAÇÃO DAS SONDAGENS
A100: 8.5.1 | B100: Perfuração rotativa inclinada, em rocha sã, com coroa de diamante, diâmetro N (75mm), inclusive deslocamento e posicionamento em cada furo. | C100: M | D100: 30 | E100: 920.58 | F100: 1033.81 | I100: =D100+G100-H100 -> 30 | J100: 0 | K100: =J100*F100 -> 0 | L100: =J100/I100 -> 0 | N100: =TRUNC((M100*F100),2) -> 0 | O100: =M100/I100 -> 0 | P100: =J100+M100 -> 0 | Q100: =K100+N100 -> 0 | R100: =L100+O100 -> 0
A101: 9 | B101: DETALHAMENTO DE PROJETO EXECUTIVO
...

Sheet MEMÓRIA DE CALCULO 13
B2: PREFEITURA MUNICIPAL DE SÃO ROQUE DO CANAÃ
B8: Memória de cálculo 13ª Medição
B9: OBRA: Construção de uma barragem de concreto com contrafortes e a limpeza e escavação de seu reservatório, na localidade de São Dalmácio, Município de São Roque do Canaã | D9: Data: 08/05/2025
B10: LOCAL: Comunidade de São Dalmácio
B11: Item | C11: Descrição | D11: Und | E11: Quant.
B12: 1 | C12: =VLOOKUP(B12,'MEDIÇÃO 13'!$A$10:$R$107,2,0) -> SERVIÇOS PRELIMINARES
B13: 1.2 | C13: =VLOOKUP(B13,'MEDIÇÃO 13'!$A$10:$R$107,2,0) -> INSTALAÇÃO DE CANTEIRO DE OBRAS
B14: 1.2.1 | C14: =VLOOKUP(B14,'MEDIÇÃO 13'!$A$10:$R$107,2,0) -> Aluguel mensal container para escritório, dim. 6.00x2.40m, c/ banheiro (vaso+lavat+chuveiro e básc), incl. porta, 2 janelas, abert p/ ar cond., 2 pt iluminação, 2 tom. elét. e 1 tom.telef. Isolam.térmico(teto e paredes), piso em comp. Naval, cert. NR18, incl. laudo descontaminação. (Administração e Engenharia) | D14: =VLOOKUP(B14,'MEDIÇÃO 13'!$A$10:$R$107,3,0) -> mês | E14: =VLOOKUP($B14,'MEDIÇÃO 13'!$A$10:$R$106,13,0) -> 2
B15: 2,00 unidades por mês
B16: 1.2.2 | C16: =VLOOKUP(B16,'MEDIÇÃO 13'!$A$10:$R$107,2,0) -> Aluguel mensal container para escritório, sem banheiro, dim. 6.00x2.40m, incl. porta, 2 janelas, abert p/ ar cond., 2 pt iluminação, 2 tomadas elét. e 1 tomada telef. Isolamento térmico (teto e paredes), piso em comp. Naval, cert. NR18, incl. laudo descontaminação. (Sala técnica, segurança do trabalho) | D16: =VLOOKUP(B16,'MEDIÇÃO 13'!$A$10:$R$107,3,0) -> mês | E16: =VLOOKUP($B16,'MEDIÇÃO 13'!$A$10:$R$106,13,0) -> 2
B17: 2,00 unidades por mês
B18: 1.2.3 | C18: =VLOOKUP(B18,'MEDIÇÃO 13'!$A$10:$R$107,2,0) -> Aluguel mensal container para almoxarifado, incl. porta, 2 janelas, 1 pt iluminação, Isolamento térmico (teto), piso em comp. Naval pintado, cert. NR18, incl. laudo descontaminação. | D18: =VLOOKUP(B18,'MEDIÇÃO 13'!$A$10:$R$107,3,0) -> mês | E18: =VLOOKUP($B18,'MEDIÇÃO 13'!$A$10:$R$106,13,0) -> 1
B19: 1,00 unidade por mês
B21: 2 | C21: =VLOOKUP(B21,'MEDIÇÃO 13'!$A$10:$R$107,2,0) -> SUPRESSÃO VEGETAL
B22: 2.2 | C22: =VLOOKUP(B22,'MEDIÇÃO 13'!$A$10:$R$107,2,0) -> ESCAVAÇÃO DA ÁREA INUNDAÇÃO
B23: 2.2.2 | C23: =VLOOKUP(B23,'MEDIÇÃO 13'!$A$10:$R$107,2,0) -> Escavação e carga de material de 1ª categoria com escavadeira | D23: =VLOOKUP(B23,'MEDIÇÃO 13'!$A$10:$R$107,3,0) -> M3 | E23: =VLOOKUP($B23,'MEDIÇÃO 13'!$A$10:$R$106,13,0) -> 10500
B24: 10.500,00 m³
B25: 2.2.3 | C25: =VLOOKUP(B25,'MEDIÇÃO 13'!$A$10:$R$107,2,0) -> LOCAL COM DMT ATÉ 3,0 KM (Caminhão basculante) - 1,147XP+1,268XR+2,013 Sendo XP = 0,0 e XR = 2 (Centro bacia inundação > Bota-Fora) - Transporte de argila com peso específico de 1,4 t/m3 | D25: =VLOOKUP(B25,'MEDIÇÃO 13'!$A$10:$R$107,3,0) -> T | E25: =VLOOKUP($B25,'MEDIÇÃO 13'!$A$10:$R$106,13,0) -> 14700
B26: 14.700,00 toneladas
B28: 3 | C28: =VLOOKUP(B28,'MEDIÇÃO 13'!$A$10:$R$107,2,0) -> ENSECADEIRA
B29: 3.2 | C29: =VLOOKUP(B29,'MEDIÇÃO 13'!$A$10:$R$107,2,0) -> ENSECADEIRA 2ª ETAPA
B30: 3.1.1. | C30: =VLOOKUP(B30,'MEDIÇÃO 13'!$A$10:$R$107,2,0) -> Escavação e carga de material de 1ª categoria com escavadeira - CANAL DE DESVIO + ENSECADEIRA | D30: =VLOOKUP(B30,'MEDIÇÃO 13'!$A$10:$R$107,3,0) -> M3 | E30: =VLOOKUP($B30,'MEDIÇÃO 13'!$A$10:$R$106,13,0) -> 1200
B31: 1.200,00 m³
B32: 3.2.2 | C32: =VLOOKUP(B32,'MEDIÇÃO 13'!$A$10:$R$107,2,0) -> LOCAL COM DMT ATÉ 3,0 KM (Caminhão basculante) - 1,147XP+1,268XR+2,013 Sendo XP = 0,0 e XR = 0,5 (Área de inundação > Canal de desvio/Ensecadeira) - Transporte de argila com peso específico de 1,4 t/m3 | D32: =VLOOKUP(B32,'MEDIÇÃO 13'!$A$10:$R$107,3,0) -> T | E32: =VLOOKUP($B32,'MEDIÇÃO 13'!$A$10:$R$106,13,0) -> 1680
B33: 1.680,00 toneladas
B34: 3.2.4 | C34: =VLOOKUP(B34,'MEDIÇÃO 13'!$A$10:$R$107,2,0) -> Compactação de aterros 100% PN - CANAL DE DESVIO + ENSECADEIRA | D34: =VLOOKUP(B34,'MEDIÇÃO 13'!$A$10:$R$107,3,0) -> M3 | E34: =VLOOKUP($B34,'MEDIÇÃO 13'!$A$10:$R$106,13,0) -> 1200
B35: 1.200,00 m³
B37: 4 | C37: =VLOOKUP(B37,'MEDIÇÃO 13'!$A$10:$R$107,2,0) -> MACIÇO DE CONCRETO
B38: 4.2 | C38: =VLOOKUP(B38,'MEDIÇÃO 13'!$A$10:$R$107,2,0) -> TRATAMENTO DA FUNDAÇÃO
B39: 4.2.1 | C39: =VLOOKUP(B39,'MEDIÇÃO 13'!$A$10:$R$107,2,0) -> Preparo da fundação com jateamento de água e ar, inclusive apicoamento e "bate-choco" | D39: =VLOOKUP(B39,'MEDIÇÃO 13'!$A$10:$R$107,3,0) -> M2 | E39: =VLOOKUP($B39,'MEDIÇÃO 13'!$A$10:$R$106,13,0) -> 40
B40: 30,00 m³
B41: 4.2.2 | C41: =VLOOKUP(B41,'MEDIÇÃO 13'!$A$10:$R$107,2,0) -> Perfuração de rocha para fixação de chumbadores | D41: =VLOOKUP(B41,'MEDIÇÃO 13'!$A$10:$R$107,3,0) -> M | E41: =VLOOKUP($B41,'MEDIÇÃO 13'!$A$10:$R$106,13,0) -> 38
B42: 42,00 m²
B43: 4.2.3 | C43: =VLOOKUP(B43,'MEDIÇÃO 13'!$A$10:$R$107,2,0) -> fornecimento e fixação de grampos diam. 40 mm com resina epoxi (prof. 100 cm em rocha). | D43: =VLOOKUP(B43,'MEDIÇÃO 13'!$A$10:$R$107,3,0) -> und | E43: =VLOOKUP($B43,'MEDIÇÃO 13'!$A$10:$R$106,13,0) -> 38
B44: 24,00 m²
B45: 4.3 | C45: =VLOOKUP(B45,'MEDIÇÃO 13'!$A$10:$R$107,2,0) -> MACIÇO DE CONCRETO
B46: 4.3.5 | C46: =VLOOKUP(B46,'MEDIÇÃO 13'!$A$10:$R$107,2,0) -> Formas planas de madeirit meso e superestrutura com 1 reaproveitamento esp. = 17 mm, inclusive fornecimento e transporte das madeiras- Tomada d'água | D46: =VLOOKUP(B46,'MEDIÇÃO 13'!$A$10:$R$107,3,0) -> M2 | E46: =VLOOKUP($B46,'MEDIÇÃO 13'!$A$10:$R$106,13,0) -> 20
B47: 20,00 m²
B49: 6 | C49: =VLOOKUP(B49,'MEDIÇÃO 13'!$A$10:$R$107,2,0) -> SINALIZAÇÃO
B50: 6.1 | C50: =VLOOKUP(B50,'MEDIÇÃO 13'!$A$10:$R$107,2,0) -> Cones para sinalização, fornecimento e colocação | D50: =VLOOKUP(B50,'MEDIÇÃO 13'!$A$10:$R$107,3,0) -> ud | E50: =VLOOKUP($B50,'MEDIÇÃO 13'!$A$10:$R$106,13,0) -> 10
B51: 10,00 unidades
B52: 6.2 | C52: =VLOOKUP(B52,'MEDIÇÃO 13'!$A$10:$R$107,2,0) -> Elementos de madeira para sinalização - cavaletes | D52: =VLOOKUP(B52,'MEDIÇÃO 13'!$A$10:$R$107,3,0) -> ud | E52: =VLOOKUP($B52,'MEDIÇÃO 13'!$A$10:$R$106,13,0) -> 10
B53: 10,00 unidades
B54: 6.3 | C54: =VLOOKUP(B54,'MEDIÇÃO 13'!$A$10:$R$107,2,0) -> Tela de proteção de segurança de PVC cor laranja com suporte para sinalização de obras | D54: =VLOOKUP(B54,'MEDIÇÃO 13'!$A$10:$R$107,3,0) -> m | E54: =VLOOKUP($B54,'MEDIÇÃO 13'!$A$10:$R$106,13,0) -> 300
B55: 300 metros
B57: 8 | C57: =VLOOKUP(B57,'MEDIÇÃO 13'!$A$10:$R$107,2,0) -> ACOMPANHAMENTO TÉCNICO
B58: 8.1 | C58: =VLOOKUP(B58,'MEDIÇÃO 13'!$A$10:$R$107,2,0) -> Topografia (levantamentos, equipamentos, deslocamentos e mão de obra - equipe de topografia) | D58: =VLOOKUP(B58,'MEDIÇÃO 13'!$A$10:$R$107,3,0) -> mês | E58: =VLOOKUP($B58,'MEDIÇÃO 13'!$A$10:$R$106,13,0) -> 0.5
B59: 0,50 mês
B64: _________________________________________________________
B65: PEDRO JAYME LANI JUNIOR
B66: Fiscal da Obra
B67: Assessor de Assuntos de Gestão
B68: ENGENHEIRO CIVIL CREA ES 20109/D
